 Dungeon Crawl Stone Soup version 0.28-a0-60-g54b5640690 (webtiles) character file.

Game seed: 14826194265828915208

137 Hatyri the Shield-Bearer (level 5, -5/46 HPs)
             Began as a Draconian Fighter on July 30, 2021.
             Slain by a black bear (10 damage)
             ... on level 3 of the Dungeon on July 31, 2021.
             The game lasted 00:11:55 (2354 turns).

Hatyri the Shield-Bearer (Draconian Fighter)        Turns: 2354, Time: 00:11:57

Health: -5/46      AC:  5    Str: 18    XL:     5   Next: 0%
Magic:  5/5        EV: 10    Int: 10    God:
Gold:   170        SH: 11    Dex: 10    Spells: 4/4 levels left

rFire   . . .      SeeInvis .   a - +0 long sword
rCold   . . .      Faith    .   b - +2 kite shield
rNeg    . . .      Spirit   .   (armour unavailable)
rPois   .          Reflect  .   (helmet restricted)
rElec   .          Harm     .   (no cloak)
rCorr   +          Rampage  .   (no gloves)
Will    .....                   (no boots)
Stlth   +.........              (no amulet)
HPRegen 0.15/turn               k - ring of resist corrosion
MPRegen 0.09/turn               (no ring)

@: slowed, very slow
A: AC +5, unfitting armour, cold-blooded
a: no special abilities


You were on level 3 of the Dungeon.
You visited 1 branch of the dungeon, and saw 3 of its levels.

You collected 170 gold pieces.

Inventory:

Hand Weapons
 a - a +0 long sword (weapon)
Armour
 b - a +2 kite shield (worn)
Jewellery
 k - a ring of resist corrosion (left hand)
 l - a ring of willpower
Wands
 j - a wand of acid (5)
Scrolls
 d - 3 scrolls of teleportation
 f - a scroll of fear
 h - 2 scrolls of enchant armour
Potions
 c - a potion of heal wounds
 e - a potion of attraction {unknown}
 g - a potion of resistance {unknown}
 i - a potion of curing
 m - a potion of flight {unknown}
 n - a potion of mutation {unknown}


   Skills:
 + Level 3.9 Fighting
 + Level 3.3 Long Blades
 + Level 3.3 Dodging
 + Level 0.2 Stealth
 + Level 4.0 Shields


You had 4 spell levels left.
You didn't know any spells.
Your spell library was empty.

Dungeon Overview and Level Annotations

Branches:
Dungeon (3/15)

Altars:
Kikubaaqudgha

Shops:
D:3 :


Innate Abilities, Weirdness & Mutations

Your plain brown scales are hard. (AC +5)
You cannot fit into any form of body armour.
You are cold-blooded and may be slowed by cold attacks.


Message History

You block the goblin's attack. The orc closely misses you.
The endoplasm freezes you.
You are frozen.
You block the black bear's attack. The black bear closely misses you.
You block the black bear's attack.
You hit the black bear but do no damage.
You tail-slap the black bear, but do no damage.
The black bear is moderately wounded.
The goblin hits you with a +0 club. The orc hits you but does no damage.
You block the endoplasm's attack. The black bear barely misses you.
The black bear claws you. You block the black bear's attack.
The goblin hits you but does no damage.
You slash the black bear!
The black bear is severely wounded.
You block the orc's attack. You block the endoplasm's attack.
The black bear goes berserk!
The goblin barely misses you. The orc hits you but does no damage.
The endoplasm freezes you.
You are frozen.
You feel yourself slow down. You block the black bear's attack.
The black bear claws you but does no damage.
The black bear barely misses you.
Unknown command.
You barely miss the black bear.
The black bear is severely wounded.
You block the black bear's attack. x2; The black bear claws you.
The goblin hits you with a +0 club.
* * * LOW HITPOINT WARNING * * *
The orc hits you with a +0 club.
* * * LOW HITPOINT WARNING * * *
The endoplasm closely misses you. The black bear barely misses you.
You riposte.
You slash the black bear! You tail-slap the black bear.
The black bear is almost dead.
The black bear claws you.
* * * LOW HITPOINT WARNING * * *
The black bear barely misses you. The goblin barely misses you.
The orc barely misses you. The endoplasm freezes you.
You are frozen.
* * * LOW HITPOINT WARNING * * *
The black bear bites you!
You die...

###...#### #........#
########### #...#
#........##..........#
#...#
###########.########.#
#...# #.#### #.) #...#
######....####### #...#
########..............#.
#...#
..........######.#...#.#
#####
.!....h...###....##.#...
......o@.........###..∩.
......gJ.......#.##.#...
...............#.##..#.#
........>........##...#.
...............#####.###
...............# ...
................# #.#.
..........#####.. ... ..
.


You could see a black bear (berserk), an orc, an endoplasm and a goblin.

Vanquished Creatures
  Natasha (thrice) (D:2)
  An adder (D:2)
  2 worms (D:2)
  A dart slug (D:1)
  3 orcs
  3 bats
  3 endoplasms
  4 giant cockroaches
  3 goblins
  5 hobgoblins
  5 quokkas
  3 ball pythons
  2 frilled lizards (D:3)
  3 kobolds
41 creatures vanquished.

Vanquished Creatures (others)
  4 fungi (D:3)
4 creatures vanquished.

Grand Total: 45 creatures vanquished

Notes
Turn   | Place    | Note
-------+----------+-------------------------------------------
     0 | D:1      | Hatyri the Draconian Fighter began the quest for the Orb.
     0 | D:1      | Reached XP level 1. HP: 19/19 MP: 1/1
    74 | D:1      | Reached XP level 2. HP: 23/26 MP: 2/2
   774 | D:2      | Reached XP level 3. HP: 20/33 MP: 3/3
  1376 | D:2      | Noticed Natasha
  1392 | D:2      | Killed Natasha
  1393 | D:2      | Reached XP level 4. HP: 27/40 MP: 4/4
  1637 | D:2      | Noticed Natasha
  1649 | D:2      | Killed Natasha
  1885 | D:2      | Noticed Natasha
  1891 | D:2      | Killed Natasha
  1892 | D:2      | Reached skill level 4 in Shields
  1930 | D:3      | Found Naczaeff's Book Shoppe.
  2143 | D:3      | Found an ancient bone altar of Kikubaaqudgha.
  2322 | D:3      | Reached XP level 5. HP: 46/46 MP: 5/5
  2343 | D:3      | Noticed a black bear
  2354 | D:3      | Slain by a black bear

Illustrated notes

Levels and vault maps discovered:
D:1:      ncdulo_lavacross, layout_loops_ring, minmay_tiny_reverse_x
D:2:      layout_basic, uniq_natasha
D:3:      layout_basic, kiku_gazebo_garden_becter,
          shapermc_ecumenical_altar_mp_urbaneastern, serial_shops,
          nicolae_diamond_shop, minmay_misc_feat_pillars

Skill      XL: |  1  2  3  4 |
---------------+-------------+-----
Dodging        | 3 |  3.3
Long Blades    | 3 |  3.3
Shields        | 4 |  4.0
Fighting       | |  3.9
Stealth        | |  0.2

Action                   |  1- 3 |  4- 6 || total
-------------------------+-------+-------++-------
Melee: Long sword        |    97 |    41 ||   138
       Tailslap          |    16 |     6 ||    22
  Use: Scroll            |     5 |       ||     5
       Potion            |     2 |       ||     2
Armor: Skin              |    28 |    21 ||    49
Dodge: Dodged            |    40 |    29 ||    69
Block: Kite shield       |    61 |    43 ||   104
       Rpst.: Long sword |    16 |     9 ||    25

Table legend: (Time is in decaauts)
 A = Elapsed time spent in this place.
 B = Non-inter-level travel time spent in this place.
 C = Inter-level travel time spent in this place.
 D = Time resting spent in this place.
 E = Time spent auto-exploring this place.
 F = Levels seen in this place.
 G = Mean time per level.
                   A        B        C        D        E       F      G
               +--------+--------+--------+--------+--------+-----+--------+
         Total |   2450 |   1563 |    887 |    252 |    883 |   3 |  816.7 |
       Dungeon |   2450 |   1563 |    887 |    252 |    883 |   3 |  816.7 |
               +--------+--------+--------+--------+--------+-----+--------+

Top non-repeatable levels by time:
     D:2: 1220 daAuts
     D:1: 792 daAuts
     D:3: 438 daAuts
